 Dungeon Crawl Stone Soup version 0.30.1-4-g462c640d31 (webtiles) character file.

Game seed: 2627684926671863049

1038 kingsuperguy the Ducker (level 8, -10/102 HPs)
             Began as a Red Draconian Berserker on Aug 26, 2023.
             Was a Priest of Trog.
             Killed from afar by an acid dragon (20 damage)
             ... with a splash of acid
             ... on level 5 of the Dungeon.
             The game lasted 00:07:30 (4095 turns).

kingsuperguy the Ducker (Red Draconian Berserker)   Turns: 4095, Time: 00:07:31

Health: -10/102    AC:  5    Str: 21    XL:     8   Next: 4%
Magic:  8/8        EV: 12    Int:  8    God:    Trog [***...]
Gold:   214        SH:  8    Dex: 13    Spells: 7/7 levels left

rFire   . . .        G - +6 rapier
rCold   + + .        C - +0 kite shield
rNeg    . . .        (body armour unavailable)
rPois   .            (helmet restricted)
rElec   +            J - +1 cloak "Rowuez" {rElec Dex+2}
rCorr   .            D - +0 pair of gloves
SInv    .            (no boots)
Will    .....        (no amulet) Stlth
                     b - ring of protection from cold
HPRegen 0.37/turn    d - ring of ice
MPRegen 0.11/turn

%: no passive effects
@: berserking (expiring), corroded, very quick
A: breathe fire, AC +6, unfitting armour, fire resistance 1, cold-blooded
a: Breathe Fire, Renounce Religion, Berserk, Trog's Hand


You were on level 5 of the Dungeon.
You worshipped Trog.
Trog was most pleased with you.
You visited 1 branch of the dungeon, and saw 5 of its levels.
You also visited: Sewer.

You collected 214 gold pieces.

Inventory:

Hand Weapons
 a - a +0 mace
 r - a +2 short sword of protection
 B - a +2 quarterstaff of draining
 G - a +6 rapier (weapon)
Missiles
 v - 2 throwing nets (quivered)
Armour
 h - a +0 ring mail
 k - a +0 ring mail
 C - a +0 kite shield (worn)
 D - a +0 pair of gloves (worn)
 J - the +1 cloak "Rowuez" (worn) {rElec Dex+2}
   (You found it on level 5 of the Dungeon)

   Dex:       It affects your dexterity (+2).
   rElec:     It insulates you from electricity.
Jewellery
 b - a ring of protection from cold (left hand)
 d - a ring of ice (right hand)
Wands
 t - a wand of polymorph (9)
 z - a wand of flame (18)
Scrolls
 c - 10 scrolls of identify {unknown}
 f - 2 scrolls of enchant weapon {unknown}
 s - a scroll of blinking {unknown}
 u - a scroll of fear {unknown}
 w - a scroll of fog {unknown}
 x - a scroll of immolation {unknown}
 y - a scroll of magic mapping {unknown}
 E - a scroll of noise {unknown}
 I - a scroll of poison {unknown}
Potions
 e - 2 potions of flight {unknown}
 g - a potion of brilliance {unknown}
 i - a potion of magic {unknown}
 j - a potion of resistance {unknown}
 l - a potion of invisibility {unknown}
 m - a potion of ambrosia {unknown}
 n - a potion of attraction {unknown}
 o - 3 potions of heal wounds {unknown}
 p - 3 potions of degeneration {unknown}
 q - a potion of might {unknown}
 A - 2 potions of curing {unknown}
 F - a potion of berserk rage
 H - a potion of lignification {unknown}


   Skills:
 + Level 5.0 Fighting
 + Level 4.7 Short Blades
 + Level 4.3 Maces & Flails
 + Level 5.1 Dodging
 + Level 2.3 Stealth
 + Level 2.8 Shields


You had 7 spell levels left.
You didn't know any spells.
Your spell library was empty.

Dungeon Overview and Level Annotations

Branches:
Dungeon (5/15)             Temple (0/1) D:5           Sewer (visited)

Altars:
Makhleb
Vehumet
Wu Jian

Shops:
D:4 *


Innate Abilities, Weirdness & Mutations

You can breathe blasts of fire.
Your fiery red scales are hard. (AC +6)
You cannot fit into any form of body armour.
Your flesh is heat resistant. (rF+)
You are cold-blooded and may be slowed by cold attacks.


Message History

Eustachio closely misses you. The acid dragon spits acid at you.
The splash of acid misses you.
You hear an angry hiss.
You hear a shout!
You hear an angry growl.
You puncture Eustachio! You tail-slap Eustachio.
You kill Eustachio!
Trog accepts your kill.
Trog appreciates your killing of a magic user.
The acid dragon misses you. The acid dragon claws you.
* * * LOW HITPOINT WARNING * * *
Your Fighting skill increases to level 5!
You have reached level 8!
You feel clever.
You closely miss the acid dragon.
A quokka comes into view.
You puncture the acid dragon!
The acid dragon is moderately wounded.
The acid dragon bites you!
* * * LOW HITPOINT WARNING * * *
You block the acid dragon's attack.
You hit the acid dragon.
The acid dragon is heavily wounded.
The acid dragon bites you!
* * * LOW HITPOINT WARNING * * *
The acid dragon misses you.
You puncture the acid dragon!
The acid dragon is severely wounded.
You barely miss the acid dragon.
The acid dragon is severely wounded.
The acid dragon closely misses you. The acid dragon claws you.
* * * LOW HITPOINT WARNING * * *
You completely miss the acid dragon.
The acid dragon is severely wounded.
You block the acid dragon's attack. The acid dragon closely misses you.
You hit the acid dragon but do no damage.
Your tail-slap misses the acid dragon.
The acid dragon is severely wounded.
The acid dragon spits acid at you. The splash of acid hits you!!
You die...

.....# .................#
.#.##.............[....(#
.#>#
.........#.###.!......
.#.#
................####.#
.#.# ##+#.#.............
# .#.# #.....##.#.#..
.#.. #.#............#.
.#.. ........####.#.#
#.#.##..@).....#
........D.......#
...#..#).r##<.#.#
.........# .# ..#####...
# . .... ..### ...


You could see an acid dragon (catching breath) and a quokka.

Vanquished Creatures
  Eustachio (D:5)
  Duvessa (D:4)
  Pargi (Sewer)
  2 ice beasts
  An ogre (D:5)
  A bullfrog (D:4)
  Dowan (D:4)
  A howler monkey (D:5)
  A hound (D:4)
  Jessica (D:3)
  Robin (D:3)
  6 gnolls
  8 adders
  A worm (D:2)
  2 orcs
  16 bats
  7 endoplasms
  3 giant cockroaches
  15 goblins
  8 hobgoblins
  7 jackals
  6 quokkas
  6 ball pythons
  5 frilled lizards
  6 kobolds
  6 rats
114 creatures vanquished.

Vanquished Creatures (others)
  A goblin (D:3)
1 creature vanquished.

Grand Total: 115 creatures vanquished

Notes
Turn   | Place    | Note
-------+----------+-------------------------------------------
     0 | D:1      | kingsuperguy the Draconian Berserker began the quest for
                  | the Orb.
     0 | D:1      | Reached XP level 1. HP: 19/19 MP: 1/1
   111 | D:1      | Reached XP level 2. HP: 26/26 MP: 2/2
   369 | D:1      | Reached ** piety under Trog
   495 | D:2      | Found a faded altar of an unknown god.
   501 | D:2      | Reached XP level 3. HP: 19/33 MP: 3/3
   726 | D:2      | Found a faded altar of an unknown god.
   884 | D:2      | Reached XP level 4. HP: 29/40 MP: 4/4
  1905 | D:3      | Reached XP level 5. HP: 43/46 MP: 5/5
  2033 | D:3      | Reached *** piety under Trog
  2119 | D:3      | Noticed Robin
  2160 | D:3      | Killed Robin
  2161 | D:3      | Reached skill level 1 in Short Blades
  2174 | D:3      | Found a burning altar of Makhleb.
  2174 | D:3      | Found a radiant altar of Vehumet.
  2179 | D:3      | Found an ornate altar of the Wu Jian Council.
  2353 | D:3      | Noticed Jessica
  2367 | D:3      | Killed Jessica
  2368 | D:3      | Reached skill level 1 in Stealth
  2672 | D:4      | Found Hohom's Elemental Accessories.
  2761 | D:4      | Noticed an ice beast
  2783 | D:4      | Killed an ice beast
  2784 | D:4      | Reached XP level 6. HP: 45/53 MP: 6/6
  2891 | D:4      | Found a glowing drain.
  2904 | Sewer    | Entered a sewer
  2932 | Sewer    | Noticed Pargi
  2972 | Sewer    | Killed Pargi
  2973 | Sewer    | Reached skill level 1 in Shields
  3303 | D:4      | Your scales start taking on a fiery red colour.
  3303 | D:4      | Reached XP level 7. HP: 49/60 MP: 7/7
  3303 | D:4      | Gained mutation: Your flesh is heat resistant. (rF+) [Red
                  | Draconian growth]
  3367 | D:4      | Noticed Duvessa
  3369 | D:4      | Noticed Dowan
  3382 | D:4      | Killed Duvessa
  3389 | D:4      | Killed Dowan
  3734 | D:5      | Entered Level 5 of the Dungeon
  3861 | D:5      | Found a staircase to the Ecumenical Temple.
  3864 | D:5      | Identified the +1 cloak "Rowuez" {rElec Dex+2}
  4078 | D:5      | Reached skill level 5 in Dodging
  4083 | D:5      | Noticed Eustachio
  4088 | D:5      | Killed Eustachio
  4089 | D:5      | Reached skill level 5 in Fighting
  4089 | D:5      | Reached XP level 8. HP: 31/68 MP: 8/8
  4095 | D:5      | Killed from afar by an acid dragon

Illustrated notes

Levels and vault maps discovered:
D:1:      dpeg_arrival_three_same_balls, layout_rooms
D:2:      layout_basic, hellmonk_ecumenical_altar_the_god_not_taken
D:3:      layout_loops_cross, gammafunk_temple_overflow_claw,
          kennysheep_generic_room_3, uniq_robin, uniq_jessica
D:4:      layout_loops_ring, portal_sewer_entry_d, nicolae_elemental_shop,
          uniq_duvessa
D:5:      layout_basic, minmay_temple_entry_glassed_door, uniq_eustachio

Skill      XL: |  1  2  3  4  5  6  7 |
---------------+----------------------+-----
Dodging        | 3 4 5 |  5.1
Fighting       | 4 5 |  5.0
Maces & Flails | 4 |  4.3
Short Blades   | 2 3 4 |  4.7
Stealth        | 1 2 |  2.3
Shields        | 1 2 |  2.8

Action                     |  1- 3 |  4- 6 |  7- 9 || total
---------------------------+-------+-------+-------++-------
  Melee: Mace              |    88 |    68 |       ||   156
         Tailslap          |     4 |    43 |     5 ||    52
         Short sword       |       |   240 |    24 ||   264
         Punch             |       |     1 |       ||     1
         Rapier            |       |       |    32 ||    32
 Invoke: Berserk           |     1 |       |     2 ||     3
Ability: Breathe Fire      |       |       |     1 ||     1
   Stab: Sleeping          |       |     4 |     3 ||     7
 Armour: Skin              |    44 |   172 |     8 ||   224
  Dodge: Dodged            |    68 |   202 |    26 ||   296
  Block: Kite shield       |       |    59 |    14 ||    73
